 Dungeon Crawl Stone Soup version 0.22.1-1-ga44c0e5 (webtiles) character file.

304 Garbasso the Slasher (level 6, -2/50 HPs)
             Began as a Formicid Abyssal Knight on Oct 8, 2018.
             Was a Believer of Lugonu.
             Slain by an orc warrior
             ... wielding a +0 trident
              (8 damage)
             ... on level 3 of the Dungeon.
             The game lasted 00:11:39 (3347 turns).

Garbasso the Slasher (Formicid Abyssal Knight)      Turns: 3347, Time: 00:11:39

Health: -2/50      AC:  7    Str: 19    XL:     6   Next: 66%
Magic:  8/9        EV:  9    Int: 11    God:    Lugonu [**....]
Gold:   59         SH:  0    Dex: 10    Spells: 5/5 levels left

rFire    . . .     SeeInvis +   a - +1 falchion
rCold    . . .     Gourm    .   (no shield)
rNeg     . . .     Faith    .   n - +0 scale mail
rPois    .         Spirit   .   (helmet unavailable)
rElec    .         Reflect  .   (no cloak)
rCorr    .         Harm     .   i - +0 pair of gloves
MR       .....                  (no boots)
Stlth    ..........             (no amulet)
HPRegen  0.16/turn              (no ring)
MPRegen  0.11/turn              (no ring)

@: no status effects
A: permanent stasis, dig shafts and tunnels, four strong arms, antennae 3
a: Dig, Shaft Self, Depart the Abyss, Bend Space, Renounce Religion


You were on level 3 of the Dungeon.
You worshipped Lugonu.
Lugonu was pleased with you.
You were hungry.

You visited 1 branch of the dungeon, and saw 3 of its levels.
You visited the Abyss 1 time.

You collected 59 gold pieces.

Inventory:

Hand Weapons
 a - a +1 falchion (weapon)
 b - a +0 hunting sling
Missiles
 f - a sling bullet
Armour
 i - a +0 pair of gloves (worn)
 n - a +0 scale mail (worn)
Jewellery
 j - an uncursed amulet of faith {unknown}
Wands
 d - a wand of random effects (26)
Scrolls
 e - 6 scrolls of identify {unknown}
 k - 2 scrolls of teleportation {unknown}
 o - a scroll of amnesia {unknown}
Potions
 g - 2 potions of magic {unknown}
 h - 2 potions of invisibility {unknown}
 m - 2 potions of berserk rage {unknown}
 p - 2 potions of brilliance {unknown}
Comestibles
 c - 3 rations
 l - 11 chunks of flesh


   Skills:
 + Level 4.8 Fighting
 * Level 4.9 Long Blades
 - Level 2.1 Armour
 - Level 0.8 Dodging
 - Level 4.0 Invocations


You had 5 spell levels left.
You didn't know any spells.
Your spell library was empty.

Dungeon Overview and Level Annotations

Branches:
Dungeon (3/15)

Altars:
Kikubaaqudgha


Innate Abilities, Weirdness & Mutations

You cannot be hasted, slowed, berserked, paralysed or teleported.
You can dig through walls and to a lower floor.
Your four strong arms can wield two-handed weapons with a shield.
You have a pair of large antennae on your head. (SInv)


Message History

You hit the orc priest.
The orc priest is severely wounded.
The orc priest casts a cantrip, but nothing happens.
The orc priest hits you with a dagger.
You barely miss the orc priest.
The orc priest is severely wounded.
The orc priest invokes the aid of Beogh against you.
Beogh smites you!
* * * LOW HITPOINT WARNING * * *
You slash the orc priest!
You kill the orc priest!
Lugonu accepts your kill.
The jackal bites you but does no damage.
Space bends around you!
You blink.
The orc hits you but does no damage.
Are you sure you want to shaft yourself?
You feel somewhat more hungry. The orc hits you but does no damage.
You begin to dig a shaft.
You continue digging a shaft.
The orc hits you but does no damage.
The orc warrior hits you from afar with a trident!
You die...

#.##.##.# #.# #.# #
...#.##.######.### #.#
#.# #....[......>..#§#
#.# #[.
##.#.##.########h#
#.#####
#.#.##.########o#
#.##...
.....#........oh#
.##.##
##.#..##########o#####
.#.. #.#...
.......o.#...# #.##
#.#...##.......@....###
#.# #.#...#
.#####÷.......##### #.#
#.............# #.#
#.........###.###.#
#...#...####...##.##
.......#...# ##.#......
.###.................##
........%..#########
.##...##.##.#


You could see an orc warrior, an orc priest, 2 orcs and 2 jackals.

Vanquished Creatures
  An orc priest (D:3)
  Ijyb (D:3)
  Terence (D:3)
  Natasha (thrice) (D:2)
  Robin (D:1)
  7 adders
  An ooze (D:2)
  A worm (D:3)
  A dart slug (D:1)
  3 orcs (D:3)
  2 giant cockroaches (D:1)
  14 goblins
  7 hobgoblins
  6 jackals
  3 quokkas
  8 bats
  4 frilled lizards
  2 kobolds
  4 rats
70 creatures vanquished.

Notes
Turn   | Place    | Note
-------+----------+-------------------------------------------
     0 | Abyss:1  | Garbasso the Formicid Abyssal Knight began the quest for
                  | the Orb.
     0 | Abyss:1  | Reached XP level 1. HP: 18/18 MP: 2/2
    34 | Abyss:1  | Noticed a thrashing horror
    36 | D:1      | Escaped the Abyss
   353 | D:1      | Reached * piety under Lugonu
   353 | D:1      | Reached XP level 2. HP: 15/24 MP: 3/3
   979 | D:2      | Noticed Robin
  1421 | D:2      | Reached XP level 3. HP: 29/29 MP: 4/4
  1655 | D:1      | Killed Robin
  1659 | D:1      | Reached XP level 4. HP: 26/37 MP: 6/6
  2013 | D:2      | Noticed Natasha
  2020 | D:2      | Killed Natasha
  2288 | D:2      | Reached XP level 5. HP: 40/42 MP: 7/7
  2384 | D:2      | Noticed Natasha
  2391 | D:2      | Killed Natasha
  2451 | D:2      | Noticed Natasha
  2457 | D:2      | Killed Natasha
  2477 | D:2      | Found an ancient bone altar of Kikubaaqudgha.
  2929 | D:3      | Noticed Ijyb
  2936 | D:3      | Reached ** piety under Lugonu
  2947 | D:3      | Killed Ijyb
  2947 | D:3      | Reached XP level 6. HP: 49/49 MP: 8/8
  2977 | D:3      | Noticed Terence
  2998 | D:3      | Killed Terence
  3326 | D:3      | Noticed an orc warrior
  3347 | D:3      | Slain by an orc warrior

Skill      XL: |  1  2  3  4  5  6 |
---------------+-------------------+-----
Long Blades    | 3 4 |  4.9
Invocations    | 3 4 |  4.0
Fighting       | 4 |  4.8
Armour         | |  2.1
Dodging        | |  0.8

Action                   |  1- 3 |  4- 6 || total
-------------------------+-------+-------++-------
Melee: Falchion          |    67 |   140 ||   207
 Fire: Hunting sling     |       |    38 ||    38
Invok: Depart the Abyss  |     1 |       ||     1
       Bend Space        |       |     1 ||     1
 Abil: Dig               |     2 |     2 ||     4
       Shaft Self        |       |     1 ||     1
  Eat: Chunk             |     2 |     6 ||     8
Armor: Leather armour    |    10 |       ||    10
       Ring mail         |    17 |    24 ||    41
       Scale mail        |       |    35 ||    35
Dodge: Dodged            |    43 |    88 ||   131
       Rpst.: Falchion   |    10 |    31 ||    41
